 Dungeon Crawl Stone Soup version 0.28-a0-657-g71136c5590 (webtiles) character file.

Game seed: 6417503204943636232

23 pokeman the Magician (level 2, -5/16 HPs)
             Began as a Deep Elf Hedge Wizard on Oct 13, 2021.
             Slain by Robin (6 damage)
             ... on level 2 of the Dungeon.
             The game lasted 00:02:21 (1466 turns).

pokeman the Magician (Deep Elf Hedge Wizard)        Turns: 1466, Time: 00:02:21

Health: -5/16      AC:  5    Str:  7    XL:     2   Next: 72%
Magic:  0/10       EV: 12    Int: 18    God:
Gold:   72         SH:  0    Dex: 14    Spells: 10/11 levels left

rFire   . . .      SeeInvis .   i - +1 dagger (speed)
rCold   . . .      Faith    .   (no shield)
rNeg    . . .      Spirit   .   b - +0 robe
rPois   .          Reflect  .   d - +2 hat
rElec   .          Harm     .   e - +0 cloak
rCorr   .          Rampage  .   (no gloves)
Will    .....                   (no boots)
Stlth   ++........              (no amulet)
HPRegen 0.05/turn               (no ring)
MPRegen 0.12/turn               (no ring)

@: no status effects
A: no striking features
a: no special abilities


You were on level 2 of the Dungeon.
You visited 1 branch of the dungeon, and saw 2 of its levels.

You collected 72 gold pieces.

Inventory:

Hand Weapons
 i - a +1 dagger of speed (weapon)
Missiles
 f - 16 arrows
 g - 40 bolts
Armour
 b - a +0 robe (worn)
 d - a +2 hat (worn)
 e - a +0 cloak (worn)
Scrolls
 a - a scroll of fear {unknown}
 c - a scroll of brand weapon {unknown}
Potions
 h - 2 potions of invisibility {unknown}


   Skills:
 + Level 0.6 Fighting
 + Level 0.6 Armour
 - Level 2.4 Dodging
 - Level 2.4 Stealth
 * Level 5.0 Spellcasting
 + Level 1.6 Conjurations
 - Level 1.1 Summonings
 - Level 1.1 Translocations


You had 10 spell levels left.
You knew the following spells:

 Your Spells              Type           Power      Damage    Failure   Level
a - Magic Dart            Conj           40%        1d5       7%          1

Your spell library contained the following spells:

 Spells                   Type           Power      Damage    Failure   Level
 Blink                    Tloc           N/A        N/A       13%         2
 Call Imp                 Summ           8%         N/A       13%         2
 Slow                     Hex            4%         N/A       21%         2
 Conjure Flame            Conj/Fire      7%         6-21      28%         3
 Mephitic Cloud           Conj/Pois/Air  6%         N/A       32%         3


Dungeon Overview and Level Annotations

Branches:
Dungeon (2/15)

Altars:

Annotations:
D:2 Robin


Message History

Aiming: Magic Dart (safe; 7% risk of failure)
Press: ? - help, Shift-Dir - straight line, f/p - Robin
Aim: Robin, wielding a +0 mace, wearing a +0 animal skin and wearing a +0 helmet (severely wounded, 100% to hit)
The magic dart hits Robin but does no damage.
Robin is severely wounded.
The goblin hits you with a +0 club. Robin closely misses you.
Casting: Magic Dart (safe; 7% risk of failure)
Confirm with . or Enter, or press ? or * to list all spells.
Aiming: Magic Dart (safe; 7% risk of failure)
Press: ? - help, Shift-Dir - straight line, f/p - Robin
Aim: Robin, wielding a +0 mace, wearing a +0 animal skin and wearing a +0 helmet (severely wounded, 100% to hit)
The magic dart hits Robin.
Robin is almost dead.
The goblin hits you but does no damage. Robin hits you but does no damage.
Casting: Magic Dart (safe; 7% risk of failure)
Confirm with . or Enter, or press ? or * to list all spells.
Aiming: Magic Dart (safe; 7% risk of failure)
Press: ? - help, Shift-Dir - straight line, f - goblin, p - Robin
Aim: a goblin, wielding a +0 club (strong, 100% to hit)
The magic dart hits the goblin.
The goblin is heavily wounded.
The goblin hits you with a +0 club.
Unknown command.
Casting: Magic Dart (safe; 7% risk of failure)
Confirm with . or Enter, or press ? or * to list all spells.
You don't have enough magic to cast this spell.
Unknown command.
The goblin shouts!
You hit the goblin.
You kill the goblin!
You hear a shout!
Robin throws the goblin at you!
* * * LOW HITPOINT WARNING * * *
Your Spellcasting skill increases to level 5!
You barely miss the goblin. The goblin hits you with a +0 club.
* * * LOW HITPOINT WARNING * * *
You hit Robin but do no damage.
Robin is almost dead.
Robin hits you with a +0 mace.
You die...

..#....# #..........
..#....# #S......### #....#
#g......# #....####.......#
..##.#....#.......# #
..##.#....+.......# ..
#.##.#....##'##.#.# ...
#.##g#..........#.# ...S
#.##@#.#+###..)##.### .....
#.##g#.#.............
gg.g..#.##.#.#.......##.###
.....gg..)g#..........).#
......#.##.#..........#####
##### #.#..##..............
#.#..##.##'#'########
#.#..g...............
..#.###.......#####.#


You could see Robin, a hobgoblin and 2 goblins.

Vanquished Creatures
  A ball python (D:1)
  2 endoplasms
  5 goblins
  3 hobgoblins
  2 quokkas (D:2)
  A bat (D:1)
  2 frilled lizards (D:1)
  3 kobolds
  A rat (D:1)
20 creatures vanquished.

Notes
Turn   | Place    | Note
-------+----------+-------------------------------------------
     0 | D:1      | pokeman the Deep Elf Hedge Wizard began the quest for the
                  | Orb.
     0 | D:1      | Reached XP level 1. HP: 10/10 MP: 7/7
   125 | D:1      | Found a faded altar of an unknown god.
   663 | D:2      | Reached XP level 2. HP: 16/16 MP: 0/9
  1155 | D:2      | Noticed Robin
  1465 | D:2      | Reached skill level 5 in Spellcasting
  1466 | D:2      | Slain by Robin

Illustrated notes

Levels and vault maps discovered:
D:1:      ncdulo_watergridlock, layout_basic, dreamdust_ecumenical_altar_grove
D:2:      minmay_inner_zag, layout_basic, hangedman_decor_push, uniq_robin,
          uniq_sigmund

Skill      XL: |  1  2 |
---------------+-------+-----
Spellcasting   | 5 |  5.0
Fighting       | |  0.6
Armour         | |  0.6
Dodging        | |  2.4
Stealth        | |  2.4
Conjurations   | |  1.6
Summonings     | |  1.1
Translocations | |  1.1

Action                   || total
-------------------------++-------
Melee: Dagger            ||    11
 Cast: Magic Dart        ||    58
Armor: Robe              ||     9
Dodge: Dodged            ||    15

Table legend: (Time is in decaauts)
 A = Elapsed time spent in this place.
 B = Non-inter-level travel time spent in this place.
 C = Inter-level travel time spent in this place.
 D = Time resting spent in this place.
 E = Time spent auto-exploring this place.
 F = Levels seen in this place.
 G = Mean time per level.
                   A        B        C        D        E       F      G
               +--------+--------+--------+--------+--------+-----+--------+
         Total |   1463 |   1434 |     29 |    375 |    847 |   2 |  731.5 |
       Dungeon |   1463 |   1434 |     29 |    375 |    847 |   2 |  731.5 |
               +--------+--------+--------+--------+--------+-----+--------+

Top non-repeatable levels by time:
     D:1: 876 daAuts
     D:2: 587 daAuts
